 Dungeon Crawl Stone Soup version 0.28.0-45-g0d030f2227 (webtiles) character file.

Game seed: 17422287044916267721

127 nickcage the Digger (level 5, -4/28 HPs)
             Began as a Gargoyle Earth Elementalist on Apr 11, 2022.
             Slain by a gnoll sergeant
             ... wielding a +3 spear of venom
              (5 damage)
             ... on level 3 of the Dungeon.
             The game lasted 00:09:31 (3110 turns).

nickcage the Digger (Gargoyle Earth Elementalist)   Turns: 3110, Time: 00:09:31

Health: -4/28      AC:  6    Str: 11    XL:     5   Next: 11%
Magic:  4/8        EV: 11    Int: 18    God:
Gold:   124        SH:  0    Dex: 10    Spells: 4/8 levels left

rFire   . . .      SeeInvis .   d - +0 dagger
rCold   . . .      Faith    .   (no shield)
rNeg    + . .      Spirit   .   b - +0 robe
rPois   ∞          Reflect  .   (no helmet)
rElec   +          Harm     .   (no cloak)
rCorr   .          Rampage  .   (no gloves)
Will    +....                   (no boots)
Stlth   ++........              (no amulet)
HPRegen 0.09/turn               k - ring of willpower
MPRegen 0.11/turn               (no ring)

@: no status effects
A: sickness immunity, AC +4, negative energy resistance 1, electricity
resistance, torment resistance 1, petrification resistance
a: no special abilities


You were on level 3 of the Dungeon.
You visited 1 branch of the dungeon, and saw 3 of its levels.

You collected 124 gold pieces.

Inventory:

Hand Weapons
 d - a +0 dagger (weapon)
Missiles
 c - 6 stones
Armour
 b - a +0 robe (worn)
Magical Staves
 j - a staff of poison
Jewellery
 k - a ring of willpower (left hand)
Scrolls
 a - 2 scrolls of identify {unknown}
 f - a scroll of blinking {unknown}
 g - 4 scrolls of teleportation {unknown}
Potions
 e - 2 potions of might {unknown}
 h - a potion of lignification {unknown}
 i - a potion of curing {unknown}
 l - a potion of attraction {unknown}


   Skills:
 - Level 1.5 Dodging
 - Level 2.1 Stealth
 - Level 2.0 Spellcasting
 * Level 0.9 Conjurations
 - Level 0.7 Transmutations
 + Level 6.6 Earth Magic


You had 4 spell levels left.
You knew the following spells:

 Your Spells              Type           Power      Damage    Failure   Level
a - Sandblast             Erth           50%        2d12      1%          1
b - Stone Arrow           Conj/Erth      30%        3d8       12%         3

Your spell library contained the following spells:

 Spells                   Type           Power      Damage    Failure   Level
 Passwall                 Tmut/Erth      12%        N/A       6%          2
 Petrify                  Tmut/Erth      15%        N/A       36%         4


Dungeon Overview and Level Annotations

Branches:
Dungeon (3/15)

Altars:


Innate Abilities, Weirdness & Mutations

You are immune to sickness and miasma.
Your stone body is resilient. (AC +4)
You are immune to poison.
You resist negative energy. (rN+)
You are resistant to electric shocks. (rElec)
You are resistant to unholy torment.
You are immune to petrification.


Message History

The blast of sand hits the worm!
You kill the worm!
You start resting.
Magic restored.
You start resting.
HP restored.
There is a stone staircase leading down here.
You climb downwards.
Found a ring mail and 6 gold pieces.
Found a stone staircase leading down.
There is a stone staircase leading up here.
The blast of sand hits the frilled lizard!
You kill the frilled lizard!
The blast of sand hits the endoplasm!
You kill the endoplasm!
You start resting.
Magic restored.
You now have 124 gold pieces (gained 6).
You see here a +0 ring mail.
A rat comes into view.
The helpless rat fails to defend itself.
You hit the rat.
You kill the rat!
Found an escape hatch in the ceiling.
The blast of sand hits the gnoll sergeant but does no damage.
The gnoll sergeant shouts!
You hear a shout! x2
The blast of sand hits the gnoll sergeant but does no damage.
The gnoll sergeant hits you from afar with a +3 spear of venom!
The blast of sand hits the gnoll sergeant but does no damage.
The gnoll sergeant hits you from afar with a +3 spear of venom.
The blast of sand hits the gnoll sergeant but does no damage.
The gnoll shouts!
The gnoll sergeant hits you but does no damage.
The blast of sand misses the gnoll sergeant.
The gnoll sergeant hits you from afar with a +3 spear of venom!
Ouch! That really hurt!
* * * LOW HITPOINT WARNING * * *
You are too injured to fight recklessly!
There is a stone staircase leading up here.
The gnoll sergeant hits you from afar with a +3 spear of venom.
You die...

#...# ##.##.$.# ...#
#.g÷..#######
.g##..).##.##....#
####.#.....##.##....#
#....# ..##...###
##g#....# #..##
###g#[...# ...#
#........#
##........#.#@...#
.########.#....# .#
#.#..†.# .. #.#....#
#######.#..###
..........##
.######.### #.# #.#


You could see a gnoll sergeant and 2 gnolls.

Vanquished Creatures
  3 gnolls
  2 adders (D:2)
  4 worms (D:2)
  A dart slug (D:1)
  3 ball pythons
  5 endoplasms
  2 giant cockroaches
  3 goblins
  6 hobgoblins
  15 jackals
  3 kobolds
  A quokka (D:1)
  4 bats
  4 frilled lizards
  6 rats
62 creatures vanquished.

Notes
Turn   | Place    | Note
-------+----------+-------------------------------------------
     0 | D:1      | nickcage the Gargoyle Earth Elementalist began the quest
                  | for the Orb.
     0 | D:1      | Reached XP level 1. HP: 10/10 MP: 3/3
   146 | D:1      | Reached skill level 4 in Earth Magic
   187 | D:1      | Reached XP level 2. HP: 15/15 MP: 0/5
  1007 | D:1      | Reached skill level 5 in Earth Magic
  1007 | D:1      | Reached XP level 3. HP: 19/19 MP: 4/6
  1011 | D:1      | Learned a level 3 spell: Stone Arrow
  1658 | D:2      | Found a faded altar of an unknown god.
  1794 | D:2      | Reached XP level 4. HP: 24/24 MP: 4/7
  1921 | D:2      | Reached skill level 6 in Earth Magic
  2422 | D:3      | Noticed a gnoll sergeant
  2741 | D:2      | HP: 1/24 [gnoll/+0 spear (4)]
  2743 | D:2      | Reached XP level 5. HP: 1/28 MP: 5/8
  3103 | D:3      | HP: 1/28 [gnoll sergeant/+3 spear of venom (14)]
  3110 | D:3      | Slain by a gnoll sergeant

Illustrated notes

Levels and vault maps discovered:
D:1:      wander_arrival_chamber, layout_loops_corners
D:2:      layout_rooms, shapermc_ecumenical_altar_totnotflames
D:3:      layout_rooms, serial_shops, nicolae_shop_bloodbath_and_beyond,
          serial_corexii_hall, corexii_hall_statues_i, corexii_hall_statues_l,
          uniq_robin, uniq_terence

Skill      XL: |  1  2  3  4 |
---------------+-------------+-----
Earth Magic    | 4 5 6 |  6.6
Dodging        | |  1.5
Stealth        | |  2.1
Spellcasting   | |  2.0
Conjurations   | |  0.9
Transmutations | |  0.7

Action                   |  1- 3 |  4- 6 || total
-------------------------+-------+-------++-------
Melee: Dagger            |    27 |     9 ||    36
 Cast: Sandblast         |    53 |    35 ||    88
 Stab: Sleeping          |     5 |     2 ||     7
Armor: Robe              |     6 |     4 ||    10
Dodge: Dodged            |    20 |     9 ||    29
